[Event "Titled Tuesday Blitz July 4 Early 2023"]
[White "Golubev, Mikhail"]
[Black "Ai, Evan"]
[WhiteFideId "14100983"]
[BlackFideId "2094770"]
[WhiteElo "2563"]
[BlackElo "2447"]
[Result "0-1"]
[Round "8"]
[TimeControl "180+2"]
[Date "2023.07.04"]
[WhiteClock "0:00:17"]
[BlackClock "0:00:38"]
[Board "99"]

1. e4 e5 2. Nf3 Nc6 3. Bc4 Nf6 4. Ng5 d5 5. exd5 Na5 6. Bb5+ c6 7. dxc6 bxc6 8. Bd3 Nd5 9. Nf3 Bd6 10. O-O O-O 11. Re1 Bg4 12. h3 Bh5 13. g4 Bg6 14. Bxg6 hxg6 15. d4 exd4 16. Qxd4 Nb7 17. Nc3 Bc5 18. Qd3 Nb4 19. Qxd8 Raxd8 20. Re2 f5 21. Bg5 fxg4 22. Bxd8 gxf3 23. Re7 Nxd8 24. Rd7 Ne6 25. Ne4 Bb6 26. c3 Nd5 27. a4 a5 28. Rd6 Nef4 29. Rxc6 Nxh3+ 30. Kf1 Rf4 31. c4 Rg4 32. Ng3 Ne3+ 33. fxe3 Rxg3 34. Rxg6 Rxg6 0-1


[Site "https://www.chess.com"]

[Event "Titled Tuesday Blitz July 4 Early 2023"]
[White "Ambartsumova, Karina"]
[Black "Philippe, Guillaume"]
[WhiteFideId "4166299"]
[BlackFideId "36048763"]
[WhiteElo "2561"]
[BlackElo "2432"]
[Result "1-0"]
[Round "8"]
[TimeControl "180+2"]
[Date "2023.07.04"]
[WhiteClock "0:00:15"]
[BlackClock "0:00:15"]
[Board "100"]

1. c4 Nf6 2. Nf3 e6 3. g3 d5 4. Bg2 dxc4 5. Qa4+ Bd7 6. Qxc4 Bc6 7. O-O Be7 8. Nc3 O-O 9. e4 Nbd7 10. e5 Nd5 11. d4 N7b6 12. Qe2 a6 13. Rd1 Nxc3 14. bxc3 Bd5 15. h4 Rc8 16. Rb1 Nc4 17. Bf1 b5 18. Ng5 h6 19. Ne4 f5 20. exf6 Bxf6 21. Nc5 Re8 22. Qh5 e5 23. Bh3 Bf7 24. Qg4 Qe7 25. Bxh6 e4 26. Re1 Nd6 27. Bf4 Bxa2 28. Ra1 Bd5 29. Rxa6 Ra8 30. Rxa8 Rxa8 31. h5 Nf7 32. h6 e3 33. Bxe3 Nxh6 34. Qh5 Bf7 35. Qf3 Re8 36. Bd2 Qd8 37. Rxe8+ Bxe8 38. Ne6 Qe7 39. d5 Bf7 40. Bxh6 gxh6 41. Qg4+ Kh7 42. Qe4+ Bg6 43. Bf5 Bxf5 44. Qxf5+ Kg8 45. Qg4+ Kh7 46. Qf5+ Kg8 47. Qg6+ Kh8 48. Qxh6+ Kg8 49. Qg6+ Kh8 50. g4 Bxc3 51. Ng5 Qg7 52. Qh5+ Kg8 53. Qe8+ Qf8 54. Qe6+ Kh8 55. Kg2 b4 56. Qg6 Qg7 57. Qe8+ Qg8 58. Qh5+ Kg7 59. Ne6+ Kf6 60. Qf5+ Ke7 61. Nxc7 Kd6 62. Nb5+ Kc5 63. d6+ Kc4 64. d7 Qa8+ 65. f3 b3 66. Nxc3 Kxc3 67. Qf6+ Kc2 68. d8=Q Qa2 69. Kg3 b2 70. Qc7+ Kb1 71. Qf5+ Ka1 72. Qc3 Qa4 73. Qfe5 Qa3 74. Qxb2+ Qxb2 75. Qxb2+ Kxb2 76. g5 Kc3 77. g6 Kc4 78. g7 Kd4 79. g8=Q Kd3 80. Qg4 Kd2 81. Qe4 Kc1 82. f4 Kb2 83. f5 Kc1 84. f6 Kb2 85. f7 Kc1 86. f8=Q Kb2 87. Qee7 Kc1 88. Qfd8 Kb2 89. Qec7 Ka1 90. Qdb8 Ka2 91. Qca7# 1-0


[Site "https://www.chess.com"]

[Event "Titled Tuesday Blitz July 4 Early 2023"]
[White "FromTexas54"]
[Black "Aggelis, Nikolaos"]
[BlackFideId "4213220"]
[WhiteElo "2418"]
[BlackElo "2558"]
[Result "1-0"]
[Round "8"]
[TimeControl "180+2"]
[Date "2023.07.04"]
[WhiteClock "0:01:47"]
[BlackClock "0:01:30"]
[Board "101"]

1. Nf3 f5 2. d3 d6 3. e4 e5 4. Nc3 Nf6 5. Bg5 c6 6. d4 fxe4 7. Nxe4 Qa5+ 8. Bd2 Qc7 9. Nxf6+ gxf6 10. dxe5 fxe5 11. Bd3 Be6 12. Ng5 Bf7 13. O-O Rg8 14. f4 Bg6 15. fxe5 Bxd3 16. cxd3 Nd7 17. Qh5+ Rg6 18. Nxh7 1-0


[Site "https://www.chess.com"]

[Event "Titled Tuesday Blitz July 4 Early 2023"]
[White "Kuznetsov, Mikhail"]
[Black "Parpiev, Isaak"]
[WhiteFideId "4117190"]
[BlackFideId "34281576"]
[WhiteElo "2417"]
[BlackElo "2556"]
[Result "0-1"]
[Round "8"]
[TimeControl "180+2"]
[Date "2023.07.04"]
[WhiteClock "0:00:00"]
[BlackClock "0:01:05"]
[Board "102"]

1. Nf3 Nf6 2. g3 c5 3. Bg2 Nc6 4. d4 cxd4 5. Nxd4 h5 6. h4 g6 7. c4 Bg7 8. Nc3 O-O 9. O-O Nxd4 10. Qxd4 d6 11. Qd2 Rb8 12. b3 a6 13. Bb2 b5 14. Nd5 bxc4 15. Nxf6+ exf6 16. bxc4 Be6 17. Bd5 Bxd5 18. cxd5 Rxb2 19. Qxb2 f5 20. Qa3 Bxa1 21. Rxa1 f4 22. Qxa6 fxg3 23. fxg3 Qf6 24. Rf1 Qd4+ 25. Kh2 Qxd5 26. Qd3 Qxa2 27. Rd1 Re8 28. Rd2 Qa7 29. Qxd6 Qf2+ 30. Kh3 Re3 31. Qb8+ Kh7 32. Rd8 Qf1+ 0-1


[Site "https://www.chess.com"]

[Event "Titled Tuesday Blitz July 4 Early 2023"]
[White "Brunner, Nicolas"]
[Black "Sowa, Ryan"]
[WhiteFideId "620246"]
[BlackFideId "30901693"]
[WhiteElo "2534"]
[BlackElo "2548"]
[Result "0-1"]
[Round "8"]
[TimeControl "180+2"]
[Date "2023.07.04"]
[WhiteClock "0:00:00"]
[BlackClock "0:00:50"]
[Board "103"]

1. Nf3 b6 2. g3 Bb7 3. Bg2 Nf6 4. O-O g6 5. c4 Bg7 6. d4 O-O 7. d5 c6 8. Nc3 cxd5 9. cxd5 e6 10. e4 exd5 11. exd5 Na6 12. Nd4 d6 13. Nc6 Qd7 14. Be3 Nc7 15. Rc1 Rfc8 16. Qa4 Ng4 17. Bd4 Ne5 18. Bxe5 dxe5 19. Rfd1 Ne8 20. Ne4 Nd6 21. Nxd6 Qxd6 22. Qa3 Bf8 23. Qxd6 Bxd6 24. a3 Rc7 25. b4 a6 26. g4 f6 27. Be4 Kh8 28. Kg2 Rf8 29. Rc3 f5 30. gxf5 gxf5 31. Bb1 e4 32. Rdc1 Rg7+ 33. Kh1 Rf6 34. Ba2 Rh6 35. h3 Rhg6 36. Nd4 Rg2 0-1


[Site "https://www.chess.com"]

[Event "Titled Tuesday Blitz July 4 Early 2023"]
[White "MAHanif"]
[Black "lagarto93"]
[WhiteElo "2370"]
[BlackElo "2541"]
[Result "1-0"]
[Round "8"]
[TimeControl "180+2"]
[Date "2023.07.04"]
[WhiteClock "0:02:27"]
[BlackClock "0:02:32"]
[Board "104"]

1. d4 e6 2. Nf3 Nf6 3. g3 b6 4. Bg2 Bb7 5. O-O Be7 6. b3 O-O 7. Bb2 c5 8. c4 cxd4 9. Qxd4 d6 10. Nc3 Nbd7 11. Rad1 a6 12. Nd2 Bxg2 13. Kxg2 Qc7 14. Nce4 Nc5 15. Qe3 Qc6 16. Bxf6 Bxf6 17. Qf3 Be7 18. Nf6+ 1-0


[Site "https://www.chess.com"]

[Event "Titled Tuesday Blitz July 4 Early 2023"]
[White "Fonseca Manrique, Enrique"]
[Black "Rian, Kapriaga"]
[WhiteFideId "5114330"]
[BlackFideId "7103263"]
[WhiteElo "2537"]
[BlackElo "2367"]
[Result "1-0"]
[Round "8"]
[TimeControl "180+2"]
[Date "2023.07.04"]
[WhiteClock "0:00:53"]
[BlackClock "0:00:51"]
[Board "105"]

1. e4 c6 2. d4 d5 3. e5 Bf5 4. Nf3 e6 5. Be2 c5 6. O-O Nc6 7. Be3 cxd4 8. Nxd4 Nge7 9. Bb5 a6 10. Bxc6+ bxc6 11. c4 Bg6 12. cxd5 cxd5 13. Bg5 Qd7 14. Nc3 h6 15. Na4 Rb8 16. Nc5 Qc8 17. Qa4+ Rb5 18. Nxa6 Bd3 19. Nxb5 hxg5 20. Nd6+ 1-0


[Site "https://www.chess.com"]

[Event "Titled Tuesday Blitz July 4 Early 2023"]
[White "Sailer, Mike"]
[Black "Melikhov, Evgeny V."]
[WhiteFideId "2012901"]
[BlackFideId "4122046"]
[WhiteElo "2126"]
[BlackElo "2403"]
[Result "0-1"]
[Round "8"]
[TimeControl "180+2"]
[Date "2023.07.04"]
[WhiteClock "0:00:54"]
[BlackClock "0:01:28"]
[Board "106"]

1. d4 Nf6 2. Nc3 d5 3. Bf4 c5 4. e3 cxd4 5. exd4 a6 6. Nf3 Nc6 7. a3 Bg4 8. Be2 e6 9. h3 Bxf3 10. Bxf3 Bd6 11. Bxd6 Qxd6 12. O-O O-O 13. Re1 b5 14. Ne2 Ne4 15. Bxe4 dxe4 16. c3 f5 17. Ng3 e5 18. Qb3+ Kh8 19. Rad1 exd4 20. cxd4 Rae8 21. d5 Ne5 22. Qc3 Nd3 23. Re2 Qxd5 24. Nh5 Qf7 25. Ng3 Rc8 26. Qa5 Qf6 27. a4 b4 28. Rdd2 Rc5 0-1


[Site "https://www.chess.com"]

[Event "Titled Tuesday Blitz July 4 Early 2023"]
[White "Todorovic, Bojan"]
[Black "Howell, David W L"]
[WhiteFideId "917087"]
[BlackFideId "410608"]
[WhiteElo "2363"]
[BlackElo "2995"]
[Result "0-1"]
[Round "8"]
[TimeControl "180+2"]
[Date "2023.07.04"]
[WhiteClock "0:00:13"]
[BlackClock "0:00:11"]
[Board "107"]

1. d4 Nf6 2. c4 c5 3. d5 e6 4. Nc3 exd5 5. cxd5 d6 6. Nf3 g6 7. Nd2 Bg7 8. Nc4 O-O 9. Bf4 Ne8 10. Qd2 Nd7 11. Nxd6 Ne5 12. Bxe5 Bxe5 13. Nc4 Bxc3 14. bxc3 b5 15. Ne5 Nd6 16. Nc6 Qf6 17. e3 Bb7 18. Bd3 Bxc6 19. dxc6 Rac8 20. O-O Rfd8 21. Qe2 c4 22. Bc2 Qxc3 23. Rad1 Rxc6 24. Rd4 Rcc8 25. Rfd1 Nb7 26. Be4 Rxd4 27. exd4 Re8 28. Qg4 Nd6 29. f3 Qe3+ 30. Kh1 f5 31. Bd5+ Kg7 32. Qh4 c3 33. Bb3 a5 34. h3 a4 35. Bc2 Qe2 0-1


[Site "https://www.chess.com"]

[Event "Titled Tuesday Blitz July 4 Early 2023"]
[White "Goncalves, Davi Sulzbacher"]
[Black "Girya, Olga"]
[WhiteFideId "2154510"]
[BlackFideId "4195752"]
[WhiteElo "2442"]
[BlackElo "2600"]
[Result "1-0"]
[Round "8"]
[TimeControl "180+2"]
[Date "2023.07.04"]
[WhiteClock "0:01:27"]
[BlackClock "0:00:00"]
[Board "108"]

1. e4 e5 2. Nf3 Nc6 3. Bb5 a6 4. Ba4 Nf6 5. O-O Nxe4 6. d4 b5 7. Bb3 d5 8. dxe5 Be6 9. c3 Be7 10. Nbd2 Nc5 11. Bc2 d4 12. Nb3 d3 13. Bb1 Nxb3 14. axb3 Bf5 15. Be3 O-O 16. Nd4 Nxd4 17. cxd4 Qd5 18. Bxd3 Bxd3 19. Qxd3 c5 20. Rfd1 cxd4 21. Bxd4 Rfd8 22. Qg3 Bc5 23. Rd2 Bxd4 24. Rad1 Qe6 25. Rxd4 Rxd4 26. Rxd4 Rc8 27. h4 h5 28. Qg5 g6 29. Rd6 Qxb3 30. e6 1-0


[Site "https://www.chess.com"]

[Event "Titled Tuesday Blitz July 4 Early 2023"]
[White "Ganiev, Roman"]
[Black "Bueno, Alfeu Junior Varela"]
[WhiteFideId "4131452"]
[BlackFideId "2108879"]
[WhiteElo "2599"]
[BlackElo "2432"]
[Result "0-1"]
[Round "8"]
[TimeControl "180+2"]
[Date "2023.07.04"]
[WhiteClock "0:00:01"]
[BlackClock "0:00:17"]
[Board "109"]

1. e4 e6 2. d4 d5 3. Nc3 Nf6 4. Bg5 Be7 5. e5 Nfd7 6. Bxe7 Qxe7 7. f4 O-O 8. Nf3 c5 9. dxc5 f6 10. exf6 Qxf6 11. g3 Nc6 12. Qd2 Nxc5 13. O-O-O Rd8 14. Re1 Ne4 15. Qe3 Nxc3 16. Qxc3 Qxc3 17. bxc3 a6 18. Bh3 Rd6 19. Re2 h6 20. Rhe1 Nd8 21. Nd4 Kf7 22. g4 Bd7 23. f5 exf5 24. Re7+ Kf8 25. gxf5 Nc6 26. Rxd7 Rxd7 27. f6 Rf7 28. Ne6+ Kg8 29. fxg7 Re8 30. Rd1 Rfe7 31. Nc5 Re1 32. Rxe1 Rxe1+ 33. Kd2 Rh1 34. Be6+ Kxg7 35. Bxd5 Rxh2+ 36. Kc1 Nd8 37. Nxb7 Nxb7 38. Bxb7 a5 39. Kb2 Rh4 40. Kb3 Kf6 41. a4 Ke5 42. Bc6 Kd6 43. Bb7 Kc5 44. Be4 Rxe4 0-1


[Site "https://www.chess.com"]

[Event "Titled Tuesday Blitz July 4 Early 2023"]
[White "Omariev, Maksim"]
[Black "Skliarov, Viktor"]
[WhiteFideId "4193423"]
[BlackFideId "14106736"]
[WhiteElo "2431"]
[BlackElo "2594"]
[Result "1/2-1/2"]
[Round "8"]
[TimeControl "180+2"]
[Date "2023.07.04"]
[WhiteClock "0:00:03"]
[BlackClock "0:00:11"]
[Board "110"]

1. g4 d5 2. Bg2 Bxg4 3. c4 c6 4. Qb3 Nf6 5. Qxb7 Nbd7 6. d4 e6 7. Nc3 Be7 8. h3 Bh5 9. Nf3 O-O 10. O-O Qb6 11. Qxb6 axb6 12. cxd5 exd5 13. Bf4 Rfc8 14. Rfc1 Nf8 15. Ne5 Ng6 16. Nxg6 Bxg6 17. e3 b5 18. Ne2 Kf8 19. Bh2 Ke8 20. Nf4 Bf5 21. Bf1 Kd7 22. Nd3 Bxd3 23. Bxd3 g6 24. Rc2 Bd6 25. Bxd6 Kxd6 26. a3 Ng8 27. b3 Ne7 28. a4 Ra5 29. Rca2 Rca8 30. Bc2 b4 31. Bd3 f5 32. Rc1 Rb8 33. Rac2 Rba8 34. Kg2 Rc8 35. Kg3 h6 36. h4 Rh8 37. Kf4 Rg8 38. Rg1 Ke6 39. f3 Kf6 40. Rcg2 Ra7 41. Rc1 Raa8 42. Ra2 g5+ 43. hxg5+ hxg5+ 44. Kg3 Ra5 45. Rac2 Rf8 46. Rc5 Rxc5 47. Rxc5 Ra8 48. a5 Ke6 49. a6 Kd6 50. Ra5 Nc8 51. Ra4 f4+ 52. exf4 gxf4+ 53. Kxf4 Nb6 54. Rxb4 Kc7 55. Ke5 Re8+ 56. Kf4 Rf8+ 57. Ke3 Re8+ 58. Kf2 Rf8 59. Kg3 Rg8+ 60. Kf4 Rf8+ 61. Bf5 Ra8 62. Bd3 Rf8+ 1/2-1/2


[Site "https://www.chess.com"]

[Event "Titled Tuesday Blitz July 4 Early 2023"]
[White "Jaskolka, Tomasz"]
[Black "Herman, Daniel"]
[WhiteFideId "1170791"]
[BlackFideId "30935008"]
[WhiteElo "2593"]
[BlackElo "2430"]
[Result "1-0"]
[Round "8"]
[TimeControl "180+2"]
[Date "2023.07.04"]
[WhiteClock "0:00:06"]
[BlackClock "0:00:06"]
[Board "111"]

1. e4 e6 2. Nf3 d5 3. e5 c5 4. b4 c4 5. c3 f6 6. d3 Nc6 7. dxc4 fxe5 8. b5 e4 9. bxc6 exf3 10. cxb7 Bxb7 11. Qxf3 Nf6 12. cxd5 Bxd5 13. Bb5+ Kf7 14. Qe2 Bxg2 15. Rg1 Be4 16. Bg5 Qd5 17. Bc4 Qf5 18. Nd2 Bc6 19. Be3 Bd6 20. Rg5 Qh3 21. Nb3 Bf3 22. Qd3 Rhd8 23. Nd4 Be4 24. Bxe6+ Qxe6 25. Rxg7+ Kxg7 26. Nxe6+ Kg6 27. Qb5 Re8 28. Qg5+ Kf7 29. Nd4 Bg6 30. Kf1 Ne4 31. Qd5+ Kg7 32. Re1 Rad8 33. Qb7+ Kg8 34. Bh6 Be5 35. Rxe4 Bxe4 36. Qxe4 Bxd4 37. Qg4+ Kf7 38. cxd4 Ke7 39. Bg5+ Kd6 40. Bxd8 Rxd8 41. Qe4 Rd7 42. Qe5+ Kc6 43. Qc5+ Kb7 44. d5 1-0


[Site "https://www.chess.com"]

[Event "Titled Tuesday Blitz July 4 Early 2023"]
[White "Vovk, Orest"]
[Black "Mickiewicz, Piotr"]
[WhiteFideId "14113490"]
[BlackFideId "1114891"]
[WhiteElo "2578"]
[BlackElo "2430"]
[Result "1-0"]
[Round "8"]
[TimeControl "180+2"]
[Date "2023.07.04"]
[WhiteClock "0:00:56"]
[BlackClock "0:00:00"]
[Board "112"]

1. g4 e5 2. g5 Qxg5 3. d4 Qh5 4. dxe5 Qxe5 5. Nf3 Qh5 6. Rg1 h6 7. Nc3 Nf6 8. Bf4 d6 9. Qd2 Nc6 10. O-O-O Be6 11. Nd4 Nxd4 12. Qxd4 Qa5 13. e4 O-O-O 14. e5 c5 15. Qd3 dxe5 16. Qxd8+ Qxd8 17. Rxd8+ Kxd8 18. Bxe5 Ng4 19. Bg3 Be7 20. h3 Nf6 21. Bg2 Kc8 22. Nb5 Nd5 23. Nxa7+ Kd7 24. Rd1 Ra8 25. Nb5 Kc6 26. c4 Kb6 27. Bxd5 1-0


[Site "https://www.chess.com"]

[Event "Titled Tuesday Blitz July 4 Early 2023"]
[White "Kashlinskaya, Alina"]
[Black "Vivas Zamora, Fabian Ernesto"]
[WhiteFideId "4198026"]
[BlackFideId "3902480"]
[WhiteElo "2574"]
[BlackElo "2430"]
[Result "1-0"]
[Round "8"]
[TimeControl "180+2"]
[Date "2023.07.04"]
[WhiteClock "0:00:19"]
[BlackClock "0:00:00"]
[Board "113"]

1. Nf3 Nf6 2. g3 g6 3. Bg2 Bg7 4. O-O O-O 5. c4 c6 6. b3 d5 7. Bb2 Nbd7 8. d3 Re8 9. Nbd2 e5 10. a3 Qe7 11. b4 a5 12. b5 e4 13. dxe4 dxe4 14. Nd4 e3 15. bxc6 bxc6 16. Nxc6 Qe6 17. Nd4 Qa6 18. fxe3 Rb8 19. Bc3 Ng4 20. Qc1 Nxe3 21. Rf2 Nxg2 22. Kxg2 Bb7+ 23. N4f3 Ne5 24. Kg1 Ng4 25. Bxg7 Kxg7 26. Rf1 Qb6+ 27. c5 Qf6 28. e4 Rbc8 29. Rb1 1-0


[Site "https://www.chess.com"]

[Event "Titled Tuesday Blitz July 4 Early 2023"]
[White "KorolDimitriy75"]
[Black "Ezat, Mohamed"]
[BlackFideId "10600906"]
[WhiteElo "2427"]
[BlackElo "2569"]
[Result "0-1"]
[Round "8"]
[TimeControl "180+2"]
[Date "2023.07.04"]
[WhiteClock "0:00:00"]
[BlackClock "0:01:15"]
[Board "114"]

1. d4 d6 2. c4 Nf6 3. Nc3 Bf5 4. Nf3 Ne4 5. Qc2 Ng3 6. e4 Nxh1 7. exf5 g6 8. Be3 Qd7 9. Bd3 Nc6 10. a3 e6 11. fxe6 fxe6 12. O-O-O Nxf2 13. Qxf2 Bg7 14. d5 exd5 15. cxd5 Ne5 16. Nxe5 Bxe5 17. Bb5 c6 18. dxc6 bxc6 19. Bd4 Rf8 20. Qe3 Rf5 21. Bd3 Rh5 22. Bxe5 Rxe5 23. Qg3 Qe7 24. Bc4 d5 25. Bb3 Qg5+ 26. Qxg5 Rxg5 27. g3 Re5 28. Rd2 Ke7 29. Kc2 Kd6 30. a4 Rae8 31. a5 Re3 32. Ba4 Kc5 33. Bb3 Rf8 34. Na4+ Kb4 35. Nc3 Kxa5 36. Bxd5 cxd5 37. Rxd5+ Kb6 38. Rd7 Rf2+ 39. Kb3 Rxh2 40. Kc4 Rxg3 41. Nd5+ Kc6 42. Rc7+ Kd6 0-1


[Site "https://www.chess.com"]

[Event "Titled Tuesday Blitz July 4 Early 2023"]
[White "Hoffmann, Asa"]
[Black "Becerra, Juan David"]
[WhiteFideId "2001470"]
[BlackFideId "4404998"]
[WhiteElo "2425"]
[BlackElo "2563"]
[Result "1-0"]
[Round "8"]
[TimeControl "180+2"]
[Date "2023.07.04"]
[WhiteClock "0:02:25"]
[BlackClock "0:00:38"]
[Board "115"]

1. d4 d5 2. Bg5 h6 3. Bh4 c5 4. dxc5 Qa5+ 5. Nc3 e6 6. e4 dxe4 7. b4 Qc7 8. Nb5 Qd7 9. Qxd7+ Kxd7 10. O-O-O+ Kc6 11. Nd4+ Kc7 12. Bg3+ Kd8 13. Nc6+ 1-0


[Site "https://www.chess.com"]

[Event "Titled Tuesday Blitz July 4 Early 2023"]
[White "Duarte, Leonardo"]
[Black "Przybylski, Wojciech"]
[WhiteFideId "110582"]
[BlackFideId "1117599"]
[WhiteElo "2418"]
[BlackElo "2552"]
[Result "0-1"]
[Round "8"]
[TimeControl "180+2"]
[Date "2023.07.04"]
[WhiteClock "0:00:15"]
[BlackClock "0:01:42"]
[Board "116"]

1. e4 e5 2. Nf3 Nf6 3. Nxe5 d6 4. Nf3 Nxe4 5. d4 d5 6. Bd3 Bf5 7. O-O Be7 8. c4 O-O 9. Re1 c6 10. Qb3 Na6 11. a3 Nec5 12. dxc5 Nxc5 13. Qd1 Nxd3 14. Rf1 dxc4 15. Nbd2 b5 16. a4 a6 17. axb5 cxb5 18. b3 Bf6 19. Ra3 b4 20. Ra4 c3 21. Nc4 a5 22. Be3 Nb2 23. Nxb2 cxb2 24. Qxd8 Rfxd8 25. Nd2 Rxd2 0-1


[Site "https://www.chess.com"]

[Event "Titled Tuesday Blitz July 4 Early 2023"]
[White "Romero Ruscalleda, Josep"]
[Black "WindWhistler11"]
[WhiteFideId "2231859"]
[WhiteElo "2416"]
[BlackElo "2537"]
[Result "0-1"]
[Round "8"]
[TimeControl "180+2"]
[Date "2023.07.04"]
[WhiteClock "0:00:16"]
[BlackClock "0:00:18"]
[Board "117"]

1. e4 e6 2. d4 d5 3. e5 c5 4. c3 Nc6 5. Be3 Bd7 6. Nf3 Qc7 7. Qd2 Nge7 8. Bd3 Nf5 9. O-O g6 10. Re1 Nxe3 11. fxe3 Bg7 12. h4 f5 13. exf6 Bxf6 14. e4 O-O-O 15. e5 Be7 16. Na3 a6 17. Nc2 c4 18. Bf1 h6 19. b3 Na5 20. Rab1 g5 21. h5 Be8 22. g4 Rf8 23. Bg2 Rf4 24. Nh2 Bb5 25. Ne3 Rdf8 26. b4 Nc6 27. Rf1 Nd8 28. Rf3 Rxf3 29. Nxf3 Ba4 30. Rf1 Qd7 31. Ne1 Qe8 32. Rxf8 Qxf8 33. Qf2 Kd7 34. Qxf8 Bxf8 35. Kf2 Nc6 36. Ke2 a5 37. a3 axb4 38. axb4 Bxb4 39. cxb4 Nxd4+ 40. Kd2 Nc6 41. N1c2 Bxc2 42. Nxc2 Nxe5 43. Nd4 Nxg4 44. Bh3 Nf6 45. Bxe6+ Kd6 46. Bf7 Ke5 47. Kc3 Ne4+ 48. Kc2 Kxd4 49. b5 Nd6 50. Bg6 Nxb5 51. Kd2 Nd6 52. Ke2 b5 53. Kd2 b4 54. Kc2 Ne4 55. Kb2 g4 56. Kc2 g3 0-1


[Site "https://www.chess.com"]

[Event "Titled Tuesday Blitz July 4 Early 2023"]
[White "Hajiyev, Kanan"]
[Black "Mazurkiewicz, Michal"]
[WhiteFideId "13404148"]
[BlackFideId "1124943"]
[WhiteElo "2525"]
[BlackElo "2415"]
[Result "1-0"]
[Round "8"]
[TimeControl "180+2"]
[Date "2023.07.04"]
[WhiteClock "0:02:11"]
[BlackClock "0:00:00"]
[Board "118"]

1. d4 Nf6 2. Nf3 g6 3. c4 Bg7 4. g3 O-O 5. Bg2 d6 6. O-O c5 7. b3 cxd4 8. Nxd4 Nc6 9. Bb2 Nxd4 10. Bxd4 Qa5 11. Qd2 Qh5 12. Nc3 Bh3 13. Rad1 Ng4 14. Bxg7 Bxg2 15. Kxg2 Qxh2+ 16. Kf3 Kxg7 17. Kxg4 Qg2 18. Kf4 e5+ 19. Ke3 f5 20. Kd3 b5 21. Nxb5 d5 22. Kc3 d4+ 23. Kb2 Rfd8 24. Nc7 Rac8 25. Ne6+ Kf6 26. Nxd8 Rxd8 27. Qa5 e4 28. Qxd8+ 1-0


[Site "https://www.chess.com"]

[Event "Titled Tuesday Blitz July 4 Early 2023"]
[White "Carrasco Miranda, Andres"]
[Black "Frolyanov, Dmitry"]
[WhiteFideId "3405990"]
[BlackFideId "4151976"]
[WhiteElo "2409"]
[BlackElo "2524"]
[Result "0-1"]
[Round "8"]
[TimeControl "180+2"]
[Date "2023.07.04"]
[WhiteClock "0:00:00"]
[BlackClock "0:00:44"]
[Board "119"]

1. d4 d5 2. c4 e6 3. g3 Nf6 4. Nf3 dxc4 5. Bg2 Nc6 6. O-O Rb8 7. e3 b5 8. b3 cxb3 9. axb3 Bb7 10. Qe2 a6 11. Nbd2 Be7 12. Bb2 O-O 13. Rfc1 Nb4 14. e4 h6 15. h4 Rc8 16. e5 Nfd5 17. Ne4 Nb6 18. Nc5 Bd5 19. Qd2 Nc6 20. Rxa6 Bxf3 21. Bxf3 Nxe5 22. Qe3 Nxf3+ 23. Qxf3 Bf6 24. Rd1 Ra8 25. Rxa8 Qxa8 26. Qh5 Rd8 27. g4 Qd5 28. Qxd5 Nxd5 29. h5 Ra8 30. Ne4 Ra2 31. Bc1 Ra1 32. Kf1 Bxd4 33. Rxd4 Rxc1+ 34. Kg2 c5 35. Rd2 Nf6 36. Nxf6+ gxf6 37. Rd6 c4 38. bxc4 bxc4 39. Rc6 c3 40. Rc7 Kf8 41. Kh2 c2 42. Kg2 Ke8 43. f3 Kd8 44. Rc3 Kd7 45. Kh2 Kd6 46. Rc8 Ke5 47. Rc4 f5 48. gxf5 Kxf5 49. Rc5+ e5 50. Kg2 Kf4 51. Rc4+ Kg5 52. Rc5 f6 0-1


[Site "https://www.chess.com"]

[Event "Titled Tuesday Blitz July 4 Early 2023"]
[White "Rios Escobar, Adan"]
[Black "Karamsetty, Jeevan"]
[WhiteFideId "3403645"]
[BlackFideId "2025337"]
[WhiteElo "2408"]
[BlackElo "2521"]
[Result "0-1"]
[Round "8"]
[TimeControl "180+2"]
[Date "2023.07.04"]
[WhiteClock "0:00:01"]
[BlackClock "0:00:24"]
[Board "120"]

1. d4 d5 2. g3 Nf6 3. Nf3 g6 4. c4 Bg7 5. Bg2 O-O 6. cxd5 Nxd5 7. O-O Nb6 8. e4 c6 9. Nc3 Bg4 10. h3 Bxf3 11. Qxf3 Qxd4 12. Rd1 Qb4 13. a3 Qb3 14. Rd3 Qe6 15. h4 N8d7 16. Rd1 Ne5 17. Qe2 Rad8 18. Bf4 Qb3 19. Bh3 e6 20. h5 Nec4 21. hxg6 hxg6 22. Rab1 Rxd1+ 23. Nxd1 Nxa3 24. Ra1 Nb5 25. Qd2 Nd4 26. Kg2 Qf3+ 27. Kh2 Qh5 28. Kg2 Nc4 29. Qd3 b5 30. Rxa7 g5 31. g4 Qh6 32. Bg3 Rd8 33. b3 Ne5 34. Qe3 Ng6 35. Nc3 Nf4+ 36. Bxf4 gxf4 37. Qc1 f3+ 38. Kg3 Be5+ 39. Qf4 Bxf4# 0-1


[Site "https://www.chess.com"]

[Event "Titled Tuesday Blitz July 4 Early 2023"]
[White "GAO"]
[Black "Turzo, Attila"]
[BlackFideId "704954"]
[WhiteElo "2404"]
[BlackElo "2520"]
[Result "1-0"]
[Round "8"]
[TimeControl "180+2"]
[Date "2023.07.04"]
[WhiteClock "0:00:13"]
[BlackClock "0:00:06"]
[Board "121"]

1. Nf3 Nf6 2. b3 g6 3. Bb2 Bg7 4. e3 O-O 5. c4 d6 6. Be2 e5 7. O-O Nc6 8. Nc3 h6 9. Qc2 Bf5 10. d3 Qd7 11. Nd5 Nxd5 12. cxd5 Ne7 13. Rac1 c6 14. e4 Bg4 15. h3 Bxf3 16. Bxf3 c5 17. Bg4 f5 18. Bf3 h5 19. exf5 Nxf5 20. b4 b6 21. Be4 Bh6 22. Rce1 Rac8 23. bxc5 bxc5 24. Kh2 Kh7 25. Qe2 Rb8 26. Ba1 Kg7 27. f4 Nd4 28. Bxd4 cxd4 29. fxe5 Bf4+ 30. Rxf4 Rxf4 31. e6 Qe7 32. Rf1 Rxf1 33. Qxf1 Rb2 34. Qa1 Qb7 35. Qg1 Qb4 36. Qf1 Qb7 37. Qg1 Rb4 38. Qf2 Qe7 39. Qd2 a5 40. Qf4 Rb6 41. Qf2 Qf6 42. Qc2 Qe5+ 43. Kg1 Rb7 44. a4 Qxe4 45. dxe4 1-0


[Site "https://www.chess.com"]

[Event "Titled Tuesday Blitz July 4 Early 2023"]
[White "Vyatkin, Dmitry"]
[Black "Tinmaz, Kerem"]
[WhiteFideId "4171900"]
[BlackFideId "44559151"]
[WhiteElo "2520"]
[BlackElo "2390"]
[Result "1-0"]
[Round "8"]
[TimeControl "180+2"]
[Date "2023.07.04"]
[WhiteClock "0:00:12"]
[BlackClock "0:00:00"]
[Board "122"]

1. d4 d5 2. c4 c6 3. Nf3 Nf6 4. g3 Bf5 5. Bg2 e6 6. O-O Be7 7. b3 O-O 8. Nc3 Nbd7 9. Bb2 a6 10. Ne5 Nxe5 11. dxe5 Nd7 12. cxd5 cxd5 13. e4 dxe4 14. Nxe4 Bxe4 15. Bxe4 Nc5 16. Bc2 Qxd1 17. Rfxd1 Rfd8 18. b4 Nd7 19. a3 Rac8 20. Be4 Rc7 21. Bd4 b5 22. Rd3 Nb8 23. Rad1 Rcd7 24. Bb6 Rxd3 25. Rxd3 Rxd3 26. Bxd3 Nc6 27. Bc7 Bd8 28. Bd6 Be7 29. Bxe7 Nxe7 30. Be4 Kf8 31. Bb7 Nd5 32. Bxa6 Nc3 33. f4 Ke7 34. Kf2 Kd7 35. Ke3 Kc6 36. g4 Nb1 37. f5 Nxa3 38. Kd3 Nc4 39. Kd4 Nd2 40. fxe6 fxe6 41. Bc8 Nf3+ 42. Ke4 Nxh2 43. Bxe6 Nf1 44. Bd5+ Kd7 45. Kd3 Nh2 46. g5 Ng4 47. Kd4 h6 48. gxh6 gxh6 49. Bf3 Nf2 50. Ke3 1-0


[Site "https://www.chess.com"]